TAMPA BAY Lightning vs EDMONTON Oilers

Created - 26 février 2024 at 23:15

Goals
1 2 3 T
TAMPA BAY Lightning 4 1 1 6
EDMONTON Oilers 1 0 1 2
Shots
1 2 3 T
TAMPA BAY Lightning 19 15 8 42
EDMONTON Oilers 4 6 10 20

1st period

1. TAMPA BAY Lightning , Josh Mahura 3 (Robert Hagg 3) at 1:59
2. TAMPA BAY Lightning , Tyson Jost 1 (Nick Ritchie 4, Josh Mahura 11) at 6:24
3. TAMPA BAY Lightning , Mikael Backlund 17 (Timothy Liljegren 18, Dylan DeMelo 23) at 8:35
4. TAMPA BAY Lightning , Nick Ritchie 5 (Tyson Jost 9, Josh Mahura 12) at 8:43
5. EDMONTON Oilers , Nikita Zaitsev 3 (Tucker Poolman 5, Dylan Cozens 10) at 14:23 (PP)

Penalties :
Nicolas Aube-Kubel (EDM) for Elbowing (Minor) at 3:43, Nick Ritchie (TBL) for Holding (Minor) at 3:43, Nikita Zaitsev (EDM) for Roughing (Minor) at 9:09, Mason Marchment (TBL) for Roughing (Minor) at 14:01, Timothy Liljegren (TBL) for Tripping (Minor) at 17:48

2nd period

6. TAMPA BAY Lightning , Eeli Tolvanen 9 (Dylan DeMelo 24, Mikael Backlund 17) at 11:21

Penalties :
Timothy Liljegren (TBL) for Tripping (Minor) at 5:17, Nicolas Aube-Kubel (EDM) for Slashing (Minor) at 7:21, Alexander Romanov (EDM) for Holding (Minor) at 14:43

3rd period

7. TAMPA BAY Lightning , Mikael Backlund 18 (Dylan DeMelo 25, Erik Gudbranson 19) at 9:29 (PP)
8. EDMONTON Oilers , Tucker Poolman 2 (Alex Wennberg 15, Kyle Palmieri 6) at 16:29

Penalties :
Denis Gurianov (EDM) for Hooking (Minor) at 3:58, Robert Hagg (TBL) for High sticking (Minor) at 3:58, Milan Lucic (EDM) for Delaying the game (Minor) at 7:04, Kyle Palmieri (EDM) for Roughing (Double Minor) at 8:00

Goalie Stats

Karel Vejmelka (TBL), 18 saves from 20 shots - (0,900), W, 8-11-2, 60:00 minutes
Adin Hill (EDM), 36 saves from 42 shots - (0,857), L, 7-19-1, 60:00 minutes

Players Stats for TAMPA BAY Lightning

Player Name              G  A  P  +/- PIM S  H  SB GA TA FO     MP     PP MP  PK MP  
------------------------------------------------------------------------------------
Anders Lee               0  0  0   2  0   1  2  0  0  0  2/3    23:41   5:18   0:00 
Brock McGinn             0  0  0  -1  0   1  0  0  0  0  1/1    14:03   0:33   2:54 
Chad Ruhwedel            0  0  0   0  0   0  0  1  0  0  0/0    19:13   0:33   2:15 
Christian Fischer        0  0  0   3  0   4  0  0  0  0  0/0     9:04   0:33   0:19 
Dylan DeMelo             0  3  3   1  0   3  1  3  0  0  0/0    25:52   5:28   2:31 
Eeli Tolvanen            1  0  1   2  0   4  2  0  0  0  3/3    23:55   5:18   0:00 
Erik Gudbranson          0  1  1   0  0   2  2  3  0  0  0/0    24:12   5:28   2:05 
Josh Mahura              1  2  3   3  0   2  2  0  0  0  0/0    17:10   4:20   1:49 
Mason Marchment          0  0  0  -1  2   2  1  0  0  0  0/1    16:57   4:30   0:00 
Michael McCarron         0  0  0   0  0   0  0  0  0  0  4/8     6:02   0:00   0:00 
Mikael Backlund          2  1  3   2  0   7  3  0  0  0  24/42  26:48   5:18   2:53 
Nick Ritchie             1  1  2   3  2   4  2  0  0  0  0/1     8:11   0:00   0:00 
Nicolas Deslauriers      0  0  0   0  0   0  1  1  0  0  0/0     6:02   0:00   0:00 
Robert Hagg              0  1  1   3  2   2  1  1  0  0  0/0    11:00   0:00   0:00 
Ryan Reaves              0  0  0   0  0   1  0  0  0  0  0/1     6:02   0:00   0:00 
Scott Laughton           0  0  0  -1  0   5  1  0  0  0  8/18   16:56   5:03   1:17 
Timothy Liljegren        0  1  1   1  4   1  0  0  0  0  0/0    22:30   4:53   0:00 
Tyson Jost               1  1  2   3  0   3  0  1  0  0  10/18  13:59   4:30   1:17 

Players Stats for EDMONTON Oilers

Player Name              G  A  P  +/- PIM S  H  SB GA TA FO     MP     PP MP  PK MP  
------------------------------------------------------------------------------------
Alex Wennberg            0  1  1   1  0   2  1  0  0  0  16/28  23:41   2:41   5:13 
Alexander Romanov        0  0  0   0  2   2  5  4  0  0  0/0    25:40   2:01   3:50 
Denis Gurianov           0  0  0  -3  2   0  2  0  0  0  0/1     9:56   0:00   1:34 
Drake Batherson          0  0  0  -2  0   1  4  0  0  0  0/1    15:42   1:39   0:00 
Dylan Cozens             0  1  1  -2  0   3  2  0  0  0  8/25   20:35   2:41   3:12 
Kent Johnson             0  0  0  -3  0   0  1  1  0  0  2/6    10:02   1:39   0:00 
Kyle Palmieri            0  1  1   1  4   0  0  1  0  0  1/1    18:20   1:39   2:08 
Leo Komarov              0  0  0   0  0   0  0  0  0  0  2/6     6:27   0:00   0:00 
Michal Kempny            0  0  0  -4  0   0  0  0  0  0  0/0    10:32   0:00   2:06 
Milan Lucic              0  0  0   0  2   2  0  0  0  0  0/0     6:26   0:00   0:00 
Moritz Seider            0  0  0   0  0   3  2  1  0  0  0/0    27:18   2:01   5:27 
Nico Sturm               0  0  0  -3  0   1  2  0  0  0  8/13    8:23   0:00   0:00 
Nicolas Aube-Kubel       0  0  0   0  4   0  1  0  0  0  0/0     6:25   0:00   0:00 
Nikita Zaitsev           1  0  1   0  2   2  6  0  0  0  0/0    23:11   2:19   3:50 
Owen Tippett             0  0  0  -2  0   2  1  0  0  0  6/14   24:25   2:41   6:31 
T.J. Oshie               0  0  0   1  0   1  0  0  0  0  1/1    14:11   0:00   1:00 
Tucker Poolman           1  1  2   0  0   1  2  2  0  0  0/0    19:42   2:19   0:00 
Will Butcher             0  0  0  -4  0   0  0  1  0  0  0/0    13:35   0:00   5:29 

3 Stars

1 - Mikael Backlund (TBL)
2 - Josh Mahura (TBL)
3 - Tyson Jost (TBL)

Power Play

TAMPA BAY Lightning - 1 on 6 Attempt(s) - 16,67%
EDMONTON Oilers - 1 on 3 Attempt(s) - 33,33%

Penalty Kill

TAMPA BAY Lightning - 2 on 3 Attempt(s) - 66,67% - Score 0 goal in Penalty Kill
EDMONTON Oilers - 5 on 6 Attempt(s) - 83,33% - Score 0 goal in Penalty Kill

Team Stat

TAMPA BAY Lightning - Hits : 18 - Faceoff Wins : 52 - Blocked Shots : 10 - Penalty Minutes : 10
EDMONTON Oilers - Hits : 29 - Faceoff Wins : 44 - Blocked Shots : 10 - Penalty Minutes : 16

Official

Referees : Anna Wiegand and Marc Joannette
Linesman : Matt MacPherson and Travis Toomey

Game Notes

No Game Note

Finance

Level 1 -- Attendance: 5218 (86,97%) -- Ticket Income $521,800
Level 2 -- Attendance: 4648 (92,96%) -- Ticket Income $255,640
Level 3 -- Attendance: 2728 (54,56%) -- Ticket Income $81,840
Level 4 -- Attendance: 4025 (80,50%) -- Ticket Income $72,450
Luxury Box -- Attendance: 920 (92,00%) -- Ticket Income $165,600
Game was played at the Rexall Place.
Total Attendance: 17539 (79,72%)
Total Ticket Income: $1,097,330
Other Income: $274,332
Total Income: $1,371,662

TAMPA BAY Lightning

5 vs 5 Forward 
   Center                   Left Wing                Right Wing               Time % Phy DF OF 
 1 Mikael Backlund          Anders Lee               Eeli Tolvanen            40     1   2  2  
 2 Scott Laughton           Mason Marchment          Brock McGinn             30     1   2  2  
 3 Tyson Jost               Nick Ritchie             Christian Fischer        20     1   2  2  
 4 Michael McCarron         Nicolas Deslauriers      Ryan Reaves              10     3   1  1  

5 vs 5 Defense 
   Defense                  Defense                                           Time % Phy DF OF 
 1 Dylan DeMelo             Timothy Liljegren                                 40     1   2  2  
 2 Erik Gudbranson          Chad Ruhwedel                                     30     1   2  2  
 3 Josh Mahura              Robert Hagg                                       20     1   2  2  
 4 Dylan DeMelo             Timothy Liljegren                                 10     1   2  2  

PowerPlay Forward 
   Center                   Left Wing                Right Wing               Time % Phy DF OF 
 1 Mikael Backlund          Anders Lee               Eeli Tolvanen            60     1   2  2  
 2 Tyson Jost               Scott Laughton           Mason Marchment          40     1   2  2  

PowerPlay Defense
   Defense                  Defense                                           Time % Phy DF OF 
 1 Dylan DeMelo             Erik Gudbranson                                   60     1   2  2  
 2 Timothy Liljegren        Josh Mahura                                       40     1   2  2  

Penalty Kill 4 Players Forward 
   Center                   Wing                     Time % Phy DF OF 
 1 Mikael Backlund          Brock McGinn             60     1   2  2  
 2 Scott Laughton           Tyson Jost               40     1   2  2  

Penalty Kill 4 Players Defense
   Defense                  Defense                  Time % Phy DF OF 
 1 Dylan DeMelo             Erik Gudbranson          60     1   2  2  
 2 Timothy Liljegren        Chad Ruhwedel            40     1   2  2  

Penalty Kill - 3 Players Forward 
   Forward                                           Time % Phy DF OF 
 1 Mikael Backlund                                   60     1   2  2  
 2 Scott Laughton                                    40     1   2  2  

Penalty Kill - 3 Players Defense
   Defense                  Defense                  Time % Phy DF OF 
 1 Dylan DeMelo             Erik Gudbranson          60     1   2  2  
 2 Timothy Liljegren        Chad Ruhwedel            40     1   2  2  

4 vs 4 Forward 
   Center                   Wing                     Time % Phy DF OF 
 1 Mikael Backlund          Eeli Tolvanen            60     1   2  2  
 2 Anders Lee               Mason Marchment          40     1   2  2  

4 vs 4 Defense
   Defense                  Defense                  Time % Phy DF OF 
 1 Dylan DeMelo             Erik Gudbranson          60     1   2  2  
 2 Timothy Liljegren        Chad Ruhwedel            40     1   2  2  

Last Minutes Offensive
   Center                   Left Wing                Right Wing               Defense                  Defense                  
   Mikael Backlund          Anders Lee               Eeli Tolvanen            Dylan DeMelo             Timothy Liljegren        

Last Minutes Defensive
   Center                   Left Wing                Right Wing               Defense                  Defense                  
   Mikael Backlund          Scott Laughton           Brock McGinn             Dylan DeMelo             Erik Gudbranson          

Goaltenders
Starting : Karel Vejmelka           
Backup : Calvin Petersen          

Extra Forwards
Normal : Christian Fischer, Brock McGinn, Nick Ritchie - PP : Christian Fischer, Brock McGinn - PK : Christian Fischer
Extra Defensemen
Normal : Chad Ruhwedel, Josh Mahura, Robert Hagg - PP : Chad Ruhwedel - PK : Chad Ruhwedel, Josh Mahura
Penalty Shots
Mikael Backlund, Anders Lee, Scott Laughton, Eeli Tolvanen, Mason Marchment

Scratches
Philippe Myers (Healthy), Sammy Blais (Healthy), Robin Lehner (Healthy)

EDMONTON Oilers

5 vs 5 Forward 
   Center                   Left Wing                Right Wing               Time % Phy DF OF 
 1 Dylan Cozens             Owen Tippett             Drake Batherson          35     1   1  3  
 2 Alex Wennberg            Kyle Palmieri            T.J. Oshie               28     1   1  3  
 3 Nico Sturm               Kent Johnson             Denis Gurianov           20     1   2  2  
 4 Leo Komarov              Milan Lucic              Nicolas Aube-Kubel       17     5   0  0  

5 vs 5 Defense 
   Defense                  Defense                                           Time % Phy DF OF 
 1 Moritz Seider            Alexander Romanov                                 46     1   2  2  
 2 Nikita Zaitsev           Tucker Poolman                                    34     1   2  2  
 3 Will Butcher             Michal Kempny                                     20     1   2  2  
 4 Moritz Seider            Alexander Romanov                                 0      1   2  2  

PowerPlay Forward 
   Center                   Left Wing                Right Wing               Time % Phy DF OF 
 1 Alex Wennberg            Dylan Cozens             Owen Tippett             60     1   2  2  
 2 Kent Johnson             Kyle Palmieri            Drake Batherson          40     1   2  2  

PowerPlay Defense
   Defense                  Defense                                           Time % Phy DF OF 
 1 Moritz Seider            Alexander Romanov                                 60     1   2  2  
 2 Nikita Zaitsev           Tucker Poolman                                    40     1   2  2  

Penalty Kill 4 Players Forward 
   Center                   Wing                     Time % Phy DF OF 
 1 Owen Tippett             Alex Wennberg            60     1   2  2  
 2 Dylan Cozens             Kyle Palmieri            40     1   2  2  

Penalty Kill 4 Players Defense
   Defense                  Defense                  Time % Phy DF OF 
 1 Moritz Seider            Alexander Romanov        60     1   2  2  
 2 Nikita Zaitsev           Will Butcher             40     1   2  2  

Penalty Kill - 3 Players Forward 
   Forward                                           Time % Phy DF OF 
 1 Owen Tippett                                      60     1   2  2  
 2 Alex Wennberg                                     40     1   2  2  

Penalty Kill - 3 Players Defense
   Defense                  Defense                  Time % Phy DF OF 
 1 Moritz Seider            Alexander Romanov        60     1   2  2  
 2 Nikita Zaitsev           Will Butcher             40     1   2  2  

4 vs 4 Forward 
   Center                   Wing                     Time % Phy DF OF 
 1 Owen Tippett             Alex Wennberg            60     1   2  2  
 2 Dylan Cozens             Kyle Palmieri            40     1   2  2  

4 vs 4 Defense
   Defense                  Defense                  Time % Phy DF OF 
 1 Moritz Seider            Alexander Romanov        60     1   2  2  
 2 Nikita Zaitsev           Tucker Poolman           40     1   2  2  

Last Minutes Offensive
   Center                   Left Wing                Right Wing               Defense                  Defense                  
   Alex Wennberg            Dylan Cozens             Owen Tippett             Moritz Seider            Alexander Romanov        

Last Minutes Defensive
   Center                   Left Wing                Right Wing               Defense                  Defense                  
   Alex Wennberg            Dylan Cozens             Owen Tippett             Moritz Seider            Alexander Romanov        

Goaltenders
Starting : Adin Hill                
Backup : Mikko Koskinen           

Extra Forwards
Normal : Alex Wennberg, Drake Batherson, T.J. Oshie - PP : Dylan Cozens, Kent Johnson - PK : T.J. Oshie
Extra Defensemen
Normal : Tucker Poolman, Will Butcher, Nikita Zaitsev - PP : Tucker Poolman - PK : Will Butcher, Nikita Zaitsev
Penalty Shots
Owen Tippett, Alex Wennberg, Dylan Cozens, Kyle Palmieri, Drake Batherson

Scratches
James Neal (Healthy)

% Time on Ice - TAMPA BAY Lightning

Lines # - Real PCT - Wanted PCT - Time Play
Normal Forward
1 - 40% - 40% - 16:31
2 - 26% - 30% - 10:36
3 - 20% - 20% - 8:12
4 - 15% - 10% - 6:02
Normal Defense
1 - 36% - 40% - 15:01
2 - 35% - 30% - 14:33
3 - 27% - 20% - 11:01
4 - 2% - 10% - 0:46
PP Forward
1 - 51% - 60% - 5:18
2 - 49% - 40% - 5:03
PP Defense
1 - 53% - 60% - 5:28
2 - 47% - 40% - 4:53
PK Forward
1 - 70% - 60% - 3:03
2 - 30% - 40% - 1:17
PK Defense
1 - 48% - 60% - 2:05
2 - 52% - 40% - 2:15
PK3 Forward
1 - 0% - 60%
2 - 0% - 40%
PK3 Defense
1 - 0% - 60%
2 - 0% - 40%
44 Forward
1 - 53% - 60% - 2:06
2 - 47% - 40% - 1:52
44 Defense
1 - 53% - 60% - 2:06
2 - 47% - 40% - 1:52
Last Minute Offensive  - 0:00
Last Minute Defensive  - 0:00
Total
Forward - 60:00
Defense - 60:00

% Time on Ice - EDMONTON Oilers

Lines # - Real PCT - Wanted PCT - Time Play
Normal Forward
1 - 32% - 35% - 13:20
2 - 32% - 28% - 13:11
3 - 20% - 20% - 8:23
4 - 16% - 17% - 6:27
Normal Defense
1 - 43% - 46% - 17:51
2 - 36% - 34% - 15:04
3 - 20% - 20% - 8:26
4 - 0% - 0% - 0:00
PP Forward
1 - 62% - 60% - 2:41
2 - 38% - 40% - 1:39
PP Defense
1 - 47% - 60% - 2:01
2 - 53% - 40% - 2:19
PK Forward
1 - 66% - 60% - 6:06
2 - 34% - 40% - 3:12
PK Defense
1 - 55% - 60% - 5:06
2 - 45% - 40% - 4:12
PK3 Forward
1 - 92% - 60% - 0:58
2 - 8% - 40% - 0:05
PK3 Defense
1 - 33% - 60% - 0:21
2 - 67% - 40% - 0:42
44 Forward
1 - 66% - 60% - 2:36
2 - 34% - 40% - 1:22
44 Defense
1 - 50% - 60% - 1:59
2 - 50% - 40% - 1:59
Last Minute Offensive  - 0:00
Last Minute Defensive  - 0:00
Total
Forward - 60:00
Defense - 60:00

Play-by-Play

1st period


0:01 of 1st period - Dylan Cozens wins face-off versus Mikael Backlund in neutral zone.
0:18 of 1st period - Eeli Tolvanen is hit by Alexander Romanov.
0:42 of 1st period - Shot by Eeli Tolvanen.
0:42 of 1st period - Stopped by Adin Hill without a rebound.
0:43 of 1st period - Scott Laughton wins face-off versus Alex Wennberg in EDMONTON Oilers zone.
1:18 of 1st period - Chad Ruhwedel is hit by Nikita Zaitsev and loses puck.
1:51 of 1st period - Shot by Denis Gurianov.
1:51 of 1st period - Shot Misses the Net.
1:59 of 1st period - Shot by Josh Mahura.
1:59 of 1st period - Goal by Josh Mahura - TAMPA BAY Lightning : 1 - EDMONTON Oilers : 0.
2:00 of 1st period - Michael McCarron wins face-off versus Leo Komarov in neutral zone.
2:17 of 1st period - Shot by Timothy Liljegren.
2:17 of 1st period - Shot Misses the Net.
2:39 of 1st period - Shot by Ryan Reaves.
2:39 of 1st period - Deflect By Nicolas Deslauriers.
2:39 of 1st period - Shot Misses the Net.
2:41 of 1st period - Shot by Michael McCarron.
2:41 of 1st period - Shot Misses the Net.
2:56 of 1st period - Alexander Romanov is hit by Anders Lee and loses puck.
3:05 of 1st period - Shot by Josh Mahura.
3:05 of 1st period - Deflect By Mikael Backlund.
3:05 of 1st period - Shot Misses the Net.
3:43 of 1st period - Minor Penalty to Nicolas Aube-Kubel for Elbowing.
3:43 of 1st period - Minor Penalty to Nick Ritchie for Holding.
3:44 of 1st period - Mikael Backlund wins face-off versus Owen Tippett in neutral zone.
3:46 of 1st period - Off-side.
3:47 of 1st period - Mikael Backlund wins face-off versus Owen Tippett in neutral zone.
4:25 of 1st period - Icing by Alex Wennberg.
4:26 of 1st period - Owen Tippett wins face-off versus Anders Lee in EDMONTON Oilers zone.
4:51 of 1st period - Shot by Mason Marchment.
4:51 of 1st period - Stopped by Adin Hill without a rebound.
4:52 of 1st period - Dylan Cozens wins face-off versus Mikael Backlund in EDMONTON Oilers zone.
5:07 of 1st period - Shot by Dylan Cozens.
5:07 of 1st period - Shot Misses the Net.
5:45 of 1st period - Shot by Anders Lee.
5:45 of 1st period - Shot Misses the Net.
5:47 of 1st period - Shot by Nick Ritchie.
5:47 of 1st period - Stopped by Adin Hill without a rebound.
5:48 of 1st period - Nico Sturm wins face-off versus Tyson Jost in EDMONTON Oilers zone.
5:55 of 1st period - Michal Kempny is hit by Nick Ritchie and loses puck.
6:10 of 1st period - Shot by Denis Gurianov.
6:10 of 1st period - Deflect By Kent Johnson.
6:10 of 1st period - Shot Blocked by Robert Hagg.
6:20 of 1st period - Shot by Nick Ritchie.
6:20 of 1st period - Shot Misses the Net.
6:22 of 1st period - Shot by Tyson Jost.
6:22 of 1st period - Shot Misses the Net.
6:24 of 1st period - Shot by Tyson Jost.
6:24 of 1st period - Goal by Tyson Jost - TAMPA BAY Lightning : 2 - EDMONTON Oilers : 0.
6:25 of 1st period - Leo Komarov wins face-off versus Scott Laughton in neutral zone.
6:27 of 1st period - Off-side.
6:28 of 1st period - Scott Laughton wins face-off versus Dylan Cozens in neutral zone.
6:35 of 1st period - Shot by Scott Laughton.
6:35 of 1st period - Shot Misses the Net.
6:37 of 1st period - Shot by Scott Laughton.
6:37 of 1st period - Shot Misses the Net.
6:39 of 1st period - Shot by Scott Laughton.
6:39 of 1st period - Stopped by Adin Hill without a rebound.
6:40 of 1st period - Mikael Backlund wins face-off versus Alex Wennberg in EDMONTON Oilers zone.
6:43 of 1st period - Shot by Eeli Tolvanen.
6:43 of 1st period - Stopped by Adin Hill without a rebound.
6:44 of 1st period - Dylan Cozens wins face-off versus Mikael Backlund in EDMONTON Oilers zone.
6:49 of 1st period - Shot by Dylan Cozens.
6:49 of 1st period - Stopped by Karel Vejmelka without a rebound.
6:50 of 1st period - Mikael Backlund wins face-off versus Dylan Cozens in TAMPA BAY Lightning zone.
7:19 of 1st period - Tucker Poolman is hit by Anders Lee and loses puck.
7:30 of 1st period - Shot by Eeli Tolvanen.
7:30 of 1st period - Deflect By Anders Lee.
7:30 of 1st period - Stopped by Adin Hill without a rebound.
7:31 of 1st period - Alex Wennberg wins face-off versus Scott Laughton in EDMONTON Oilers zone.
8:19 of 1st period - Off-side.
8:20 of 1st period - Mikael Backlund wins face-off versus Dylan Cozens in neutral zone.
8:35 of 1st period - Shot by Mikael Backlund.
8:35 of 1st period - Goal by Mikael Backlund - TAMPA BAY Lightning : 3 - EDMONTON Oilers : 0.
8:36 of 1st period - Nico Sturm wins face-off versus Tyson Jost in neutral zone.
8:43 of 1st period - Shot by Nick Ritchie.
8:43 of 1st period - Goal by Nick Ritchie - TAMPA BAY Lightning : 4 - EDMONTON Oilers : 0.
8:44 of 1st period - Mikael Backlund wins face-off versus Dylan Cozens in neutral zone.
9:09 of 1st period - Minor Penalty to Nikita Zaitsev for Roughing.
9:10 of 1st period - Tyson Jost wins face-off versus Owen Tippett in EDMONTON Oilers zone.
10:09 of 1st period - Shot by Josh Mahura.
10:09 of 1st period - Stopped by Adin Hill without a rebound.
10:10 of 1st period - Dylan Cozens wins face-off versus Mikael Backlund in EDMONTON Oilers zone.
11:07 of 1st period - Shot by Scott Laughton.
11:07 of 1st period - Stopped by Adin Hill with a rebound.
11:20 of 1st period - Icing by Erik Gudbranson.
11:21 of 1st period - Leo Komarov wins face-off versus Michael McCarron in TAMPA BAY Lightning zone.
11:30 of 1st period - Shot by Moritz Seider.
11:30 of 1st period - Stopped by Karel Vejmelka without a rebound.
11:31 of 1st period - Nico Sturm wins face-off versus Scott Laughton in TAMPA BAY Lightning zone.
11:38 of 1st period - Josh Mahura is hit by Nico Sturm and loses puck.
11:54 of 1st period - Shot by Scott Laughton.
11:54 of 1st period - Stopped by Adin Hill without a rebound.
11:55 of 1st period - Mikael Backlund wins face-off versus Leo Komarov in EDMONTON Oilers zone.
12:02 of 1st period - Dylan DeMelo is hit by Nicolas Aube-Kubel and loses puck.
12:23 of 1st period - Shot by Milan Lucic.
12:23 of 1st period - Shot Misses the Net.
13:38 of 1st period - Off-side.
13:39 of 1st period - Tyson Jost wins face-off versus Dylan Cozens in neutral zone.
13:44 of 1st period - Shot by Christian Fischer.
13:44 of 1st period - Stopped by Adin Hill with a rebound.
13:56 of 1st period - Shot by Josh Mahura.
13:56 of 1st period - Deflect By Tyson Jost.
13:56 of 1st period - Stopped by Adin Hill with a rebound.
13:58 of 1st period - Shot by Christian Fischer.
13:58 of 1st period - Stopped by Adin Hill without a rebound.
13:59 of 1st period - Scott Laughton wins face-off versus Nico Sturm in EDMONTON Oilers zone.
14:00 of 1st period - Shot by Brock McGinn.
14:00 of 1st period - Shot Blocked by Kent Johnson.
14:01 of 1st period - Minor Penalty to Mason Marchment for Roughing.
14:02 of 1st period - Alex Wennberg wins face-off versus Mikael Backlund in TAMPA BAY Lightning zone.
14:07 of 1st period - Shot by Alex Wennberg.
14:07 of 1st period - Shot Misses the Net.
14:09 of 1st period - Shot by Tucker Poolman.
14:09 of 1st period - Shot Blocked by Dylan DeMelo.
14:21 of 1st period - Shot by Tucker Poolman.
14:21 of 1st period - Shot Misses the Net.
14:23 of 1st period - Shot by Nikita Zaitsev.
14:23 of 1st period - Goal by Nikita Zaitsev - TAMPA BAY Lightning : 4 - EDMONTON Oilers : 1.
14:24 of 1st period - Tyson Jost wins face-off versus Kent Johnson in neutral zone.
14:38 of 1st period - Christian Fischer is hit by Alexander Romanov and loses puck.
15:56 of 1st period - Icing by Drake Batherson.
15:57 of 1st period - Mikael Backlund wins face-off versus Dylan Cozens in EDMONTON Oilers zone.
16:38 of 1st period - Shot by Mikael Backlund.
16:38 of 1st period - Shot Blocked by Will Butcher.
17:06 of 1st period - Shot by Christian Fischer.
17:06 of 1st period - Stopped by Adin Hill without a rebound.
17:07 of 1st period - Scott Laughton wins face-off versus Leo Komarov in EDMONTON Oilers zone.
17:27 of 1st period - Mason Marchment is hit by Moritz Seider and loses puck.
17:31 of 1st period - Mason Marchment is hit by Alexander Romanov and loses puck.
17:45 of 1st period - Off-side.
17:46 of 1st period - Dylan Cozens wins face-off versus Tyson Jost in neutral zone.
17:48 of 1st period - Minor Penalty to Timothy Liljegren for Tripping.
17:49 of 1st period - Mikael Backlund wins face-off versus Alex Wennberg in TAMPA BAY Lightning zone.
18:01 of 1st period - Icing by Nikita Zaitsev.
18:02 of 1st period - Mikael Backlund wins face-off versus Alex Wennberg in EDMONTON Oilers zone.
18:03 of 1st period - Shot by Brock McGinn.
18:03 of 1st period - Stopped by Adin Hill without a rebound.
18:04 of 1st period - Mikael Backlund wins face-off versus Owen Tippett in EDMONTON Oilers zone.
18:39 of 1st period - Shot by Alexander Romanov.
18:39 of 1st period - Stopped by Karel Vejmelka without a rebound.
18:40 of 1st period - Kent Johnson wins face-off versus Scott Laughton in TAMPA BAY Lightning zone.
19:16 of 1st period - Icing by Nikita Zaitsev.
19:17 of 1st period - Brock McGinn wins face-off versus Kent Johnson in EDMONTON Oilers zone.
19:18 of 1st period - Shot by Mikael Backlund.
19:18 of 1st period - Shot Blocked by Tucker Poolman.
19:20 of 1st period - Shot by Dylan DeMelo.
19:20 of 1st period - Stopped by Adin Hill without a rebound.
19:21 of 1st period - Mikael Backlund wins face-off versus Alex Wennberg in EDMONTON Oilers zone.
19:34 of 1st period - Chad Ruhwedel is hit by Dylan Cozens and loses puck.
19:40 of 1st period - Dylan Cozens is hit by Josh Mahura and loses puck.
19:43 of 1st period - Shot by Alexander Romanov.
19:43 of 1st period - Shot Misses the Net.
19:45 of 1st period - Shot by Alex Wennberg.
19:45 of 1st period - Shot Misses the Net.
19:54 of 1st period - Icing by Dylan DeMelo.
19:55 of 1st period - Michael McCarron wins face-off versus Denis Gurianov in TAMPA BAY Lightning zone.
19:55 of 1st period - Michael McCarron is hit by Nico Sturm.
Goals for this period are 4 for TAMPA BAY Lightning vs 1 for EDMONTON Oilers.
Shots for this period are 19 for TAMPA BAY Lightning vs 4 for EDMONTON Oilers.

2nd period


0:01 of 2nd period - Mikael Backlund wins face-off versus Dylan Cozens in neutral zone.
0:10 of 2nd period - Timothy Liljegren is hit by Drake Batherson and loses puck.
0:16 of 2nd period - Icing by Dylan DeMelo.
0:17 of 2nd period - Mikael Backlund wins face-off versus Alex Wennberg in TAMPA BAY Lightning zone.
0:21 of 2nd period - Dylan DeMelo is hit by Tucker Poolman.
0:23 of 2nd period - Shot by Mikael Backlund.
0:23 of 2nd period - Stopped by Adin Hill with a rebound.
0:25 of 2nd period - Shot by Timothy Liljegren.
0:25 of 2nd period - Stopped by Adin Hill without a rebound.
0:26 of 2nd period - Scott Laughton wins face-off versus Dylan Cozens in EDMONTON Oilers zone.
0:41 of 2nd period - Shot by Dylan Cozens.
0:41 of 2nd period - Stopped by Karel Vejmelka without a rebound.
0:42 of 2nd period - Mikael Backlund wins face-off versus Alex Wennberg in TAMPA BAY Lightning zone.
0:53 of 2nd period - Shot by Mikael Backlund.
0:53 of 2nd period - Shot Hit the Post.
0:56 of 2nd period - Eeli Tolvanen is hit by Nikita Zaitsev and loses puck.
1:28 of 2nd period - Icing by Timothy Liljegren.
1:29 of 2nd period - Dylan Cozens wins face-off versus Mikael Backlund in TAMPA BAY Lightning zone.
2:00 of 2nd period - Shot by Drake Batherson.
2:00 of 2nd period - Shot Blocked by Chad Ruhwedel.
2:02 of 2nd period - Shot by Moritz Seider.
2:02 of 2nd period - Shot Misses the Net.
2:24 of 2nd period - Shot by Scott Laughton.
2:24 of 2nd period - Shot Misses the Net.
2:48 of 2nd period - Shot by Denis Gurianov.
2:48 of 2nd period - Shot Blocked by Erik Gudbranson.
2:52 of 2nd period - Shot by Nico Sturm.
2:52 of 2nd period - Shot Misses the Net.
2:58 of 2nd period - Shot by Nico Sturm.
2:58 of 2nd period - Stopped by Karel Vejmelka without a rebound.
2:59 of 2nd period - Alex Wennberg wins face-off versus Tyson Jost in TAMPA BAY Lightning zone.
2:59 of 2nd period - T.J. Oshie is hit by Robert Hagg.
3:11 of 2nd period - Shot by Christian Fischer.
3:11 of 2nd period - Stopped by Adin Hill without a rebound.
3:12 of 2nd period - Nico Sturm wins face-off versus Michael McCarron in EDMONTON Oilers zone.
3:12 of 2nd period - Will Butcher is hit by Nicolas Deslauriers and loses puck.
3:33 of 2nd period - Shot by Ryan Reaves.
3:33 of 2nd period - Shot Misses the Net.
3:37 of 2nd period - Shot by Ryan Reaves.
3:37 of 2nd period - Stopped by Adin Hill without a rebound.
3:38 of 2nd period - Kyle Palmieri wins face-off versus Mikael Backlund in EDMONTON Oilers zone.
3:42 of 2nd period - Icing by Nikita Zaitsev.
3:43 of 2nd period - Eeli Tolvanen wins face-off versus Alex Wennberg in EDMONTON Oilers zone.
3:44 of 2nd period - Shot by Mikael Backlund.
3:44 of 2nd period - Stopped by Adin Hill with a rebound.
4:26 of 2nd period - Mikael Backlund is hit by Tucker Poolman and loses puck.
4:53 of 2nd period - Moritz Seider is hit by Dylan DeMelo and loses puck.
5:17 of 2nd period - Minor Penalty to Timothy Liljegren for Tripping.
5:18 of 2nd period - Kent Johnson wins face-off versus Mikael Backlund in TAMPA BAY Lightning zone.
5:23 of 2nd period - Shot by Kent Johnson.
5:23 of 2nd period - Shot Blocked by Erik Gudbranson.
5:25 of 2nd period - Shot by Alexander Romanov.
5:25 of 2nd period - Shot Blocked by Erik Gudbranson.
5:27 of 2nd period - Shot by Moritz Seider.
5:27 of 2nd period - Shot Misses the Net.
5:43 of 2nd period - Shot by Alexander Romanov.
5:43 of 2nd period - Stopped by Karel Vejmelka without a rebound.
5:44 of 2nd period - Mikael Backlund wins face-off versus Alex Wennberg in TAMPA BAY Lightning zone.
5:50 of 2nd period - Icing by Nikita Zaitsev.
5:51 of 2nd period - Alex Wennberg wins face-off versus Mikael Backlund in EDMONTON Oilers zone.
6:24 of 2nd period - Icing by Nikita Zaitsev.
6:25 of 2nd period - Mikael Backlund wins face-off versus Alex Wennberg in EDMONTON Oilers zone.
7:02 of 2nd period - Shot by Moritz Seider.
7:02 of 2nd period - Shot Blocked by Dylan DeMelo.
7:04 of 2nd period - Shot by Kyle Palmieri.
7:04 of 2nd period - Shot Blocked by Tyson Jost.
7:20 of 2nd period - Shot by Milan Lucic.
7:20 of 2nd period - Shot Misses the Net.
7:21 of 2nd period - Minor Penalty to Nicolas Aube-Kubel for Slashing.
7:22 of 2nd period - Owen Tippett wins face-off versus Tyson Jost in EDMONTON Oilers zone.
7:42 of 2nd period - Mason Marchment is hit by Moritz Seider and loses puck.
7:45 of 2nd period - Shot by Scott Laughton.
7:45 of 2nd period - Stopped by Adin Hill without a rebound.
7:46 of 2nd period - Owen Tippett wins face-off versus Mikael Backlund in EDMONTON Oilers zone.
7:59 of 2nd period - Nikita Zaitsev is hit by Eeli Tolvanen and loses puck.
8:04 of 2nd period - Shot by Mikael Backlund.
8:04 of 2nd period - Stopped by Adin Hill with a rebound.
8:18 of 2nd period - Shot by Dylan DeMelo.
8:18 of 2nd period - Stopped by Adin Hill without a rebound.
8:19 of 2nd period - Tyson Jost wins face-off versus Owen Tippett in EDMONTON Oilers zone.
8:33 of 2nd period - Shot by Timothy Liljegren.
8:33 of 2nd period - Shot Misses the Net.
8:35 of 2nd period - Shot by Timothy Liljegren.
8:35 of 2nd period - Shot Blocked by Alexander Romanov.
8:37 of 2nd period - Shot by Mason Marchment.
8:37 of 2nd period - Shot Misses the Net.
8:53 of 2nd period - Shot by Scott Laughton.
8:53 of 2nd period - Shot Misses the Net.
9:29 of 2nd period - Shot by Mikael Backlund.
9:29 of 2nd period - Stopped by Adin Hill without a rebound.
9:30 of 2nd period - Nico Sturm wins face-off versus Ryan Reaves in EDMONTON Oilers zone.
11:08 of 2nd period - Icing by Dylan DeMelo.
11:09 of 2nd period - Mikael Backlund wins face-off versus Dylan Cozens in TAMPA BAY Lightning zone.
11:09 of 2nd period - Mikael Backlund is hit by Dylan Cozens.
11:21 of 2nd period - Shot by Eeli Tolvanen.
11:21 of 2nd period - Goal by Eeli Tolvanen - TAMPA BAY Lightning : 5 - EDMONTON Oilers : 1.
11:22 of 2nd period - Alex Wennberg wins face-off versus Mason Marchment in neutral zone.
11:22 of 2nd period - Kyle Palmieri is hit by Mason Marchment and loses puck.
11:48 of 2nd period - Icing by Alex Wennberg.
11:49 of 2nd period - Mikael Backlund wins face-off versus Alex Wennberg in EDMONTON Oilers zone.
11:56 of 2nd period - Shot by Anders Lee.
11:56 of 2nd period - Shot Misses the Net.
11:58 of 2nd period - Shot by Timothy Liljegren.
11:58 of 2nd period - Shot Blocked by Kyle Palmieri.
12:00 of 2nd period - Shot by Mikael Backlund.
12:00 of 2nd period - Shot Misses the Net.
12:02 of 2nd period - Shot by Dylan DeMelo.
12:02 of 2nd period - Stopped by Adin Hill without a rebound.
12:03 of 2nd period - Tyson Jost wins face-off versus Dylan Cozens in EDMONTON Oilers zone.
13:03 of 2nd period - Kyle Palmieri is hit by Nick Ritchie and loses puck.
13:11 of 2nd period - Icing by Tucker Poolman.
13:12 of 2nd period - Alex Wennberg wins face-off versus Mikael Backlund in EDMONTON Oilers zone.
13:27 of 2nd period - Anders Lee is hit by Nikita Zaitsev and loses puck.
14:28 of 2nd period - Shot by Brock McGinn.
14:28 of 2nd period - Shot Misses the Net.
14:30 of 2nd period - Shot by Robert Hagg.
14:30 of 2nd period - Stopped by Adin Hill without a rebound.
14:31 of 2nd period - Michael McCarron wins face-off versus Dylan Cozens in EDMONTON Oilers zone.
14:34 of 2nd period - Shot by Erik Gudbranson.
14:34 of 2nd period - Stopped by Adin Hill without a rebound.
14:35 of 2nd period - Tyson Jost wins face-off versus Dylan Cozens in EDMONTON Oilers zone.
14:35 of 2nd period - Chad Ruhwedel is hit by Alexander Romanov and loses puck.
14:43 of 2nd period - Minor Penalty to Alexander Romanov for Holding.
14:44 of 2nd period - Owen Tippett wins face-off versus Mikael Backlund in EDMONTON Oilers zone.
14:44 of 2nd period - Owen Tippett is hit by Mikael Backlund.
14:51 of 2nd period - Icing by Dylan DeMelo.
14:52 of 2nd period - Mikael Backlund wins face-off versus Owen Tippett in TAMPA BAY Lightning zone.
14:52 of 2nd period - Mikael Backlund is hit by Owen Tippett.
15:24 of 2nd period - Mikael Backlund is hit by Denis Gurianov and loses puck.
15:47 of 2nd period - Owen Tippett is hit by Scott Laughton and loses puck.
16:14 of 2nd period - Shot by Scott Laughton.
16:14 of 2nd period - Stopped by Adin Hill without a rebound.
16:15 of 2nd period - Anders Lee wins face-off versus Dylan Cozens in EDMONTON Oilers zone.
16:16 of 2nd period - Shot by Mikael Backlund.
16:16 of 2nd period - Deflect By Eeli Tolvanen.
16:16 of 2nd period - Stopped by Adin Hill without a rebound.
16:17 of 2nd period - Alex Wennberg wins face-off versus Mikael Backlund in EDMONTON Oilers zone.
16:17 of 2nd period - Alex Wennberg is hit by Mikael Backlund.
17:07 of 2nd period - Shot by Milan Lucic.
17:07 of 2nd period - Stopped by Karel Vejmelka without a rebound.
17:08 of 2nd period - Alex Wennberg wins face-off versus Scott Laughton in TAMPA BAY Lightning zone.
17:42 of 2nd period - Scott Laughton is hit by Nikita Zaitsev and loses puck.
17:47 of 2nd period - Shot by Scott Laughton.
17:47 of 2nd period - Shot Blocked by Tucker Poolman.
18:10 of 2nd period - Shot by Dylan Cozens.
18:10 of 2nd period - Shot Misses the Net.
18:36 of 2nd period - Shot by Dylan Cozens.
18:36 of 2nd period - Stopped by Karel Vejmelka without a rebound.
18:37 of 2nd period - Nico Sturm wins face-off versus Nick Ritchie in TAMPA BAY Lightning zone.
18:38 of 2nd period - Shot by Moritz Seider.
18:38 of 2nd period - Stopped by Karel Vejmelka without a rebound.
18:39 of 2nd period - Tyson Jost wins face-off versus Nico Sturm in TAMPA BAY Lightning zone.
18:50 of 2nd period - Icing by Alexander Romanov.
18:51 of 2nd period - Scott Laughton wins face-off versus Kent Johnson in EDMONTON Oilers zone.
19:04 of 2nd period - Timothy Liljegren is hit by Kent Johnson and loses puck.
19:14 of 2nd period - Icing by Moritz Seider.
19:15 of 2nd period - Nico Sturm wins face-off versus Mikael Backlund in EDMONTON Oilers zone.
Goals for this period are 1 for TAMPA BAY Lightning vs 0 for EDMONTON Oilers.
Shots for this period are 15 for TAMPA BAY Lightning vs 6 for EDMONTON Oilers.

3rd period


0:01 of 3rd period - Dylan Cozens wins face-off versus Mikael Backlund in neutral zone.
0:03 of 3rd period - Alexander Romanov is hit by Mikael Backlund and loses puck.
0:16 of 3rd period - Shot by Owen Tippett.
0:16 of 3rd period - Shot Misses the Net.
0:18 of 3rd period - Shot by Owen Tippett.
0:18 of 3rd period - Stopped by Karel Vejmelka without a rebound.
0:19 of 3rd period - Alex Wennberg wins face-off versus Scott Laughton in TAMPA BAY Lightning zone.
2:01 of 3rd period - Shot by Moritz Seider.
2:01 of 3rd period - Stopped by Karel Vejmelka with a rebound.
2:03 of 3rd period - Shot by Moritz Seider.
2:03 of 3rd period - Shot Misses the Net.
2:29 of 3rd period - Shot by Milan Lucic.
2:29 of 3rd period - Stopped by Karel Vejmelka without a rebound.
2:30 of 3rd period - Tyson Jost wins face-off versus Nico Sturm in TAMPA BAY Lightning zone.
2:47 of 3rd period - Shot by Tyson Jost.
2:47 of 3rd period - Stopped by Adin Hill without a rebound.
2:48 of 3rd period - Alex Wennberg wins face-off versus Scott Laughton in EDMONTON Oilers zone.
3:03 of 3rd period - Shot by Alex Wennberg.
3:03 of 3rd period - Stopped by Karel Vejmelka without a rebound.
3:04 of 3rd period - Dylan Cozens wins face-off versus Tyson Jost in TAMPA BAY Lightning zone.
3:04 of 3rd period - Dylan Cozens is hit by Josh Mahura.
3:55 of 3rd period - Icing by Josh Mahura.
3:56 of 3rd period - Tyson Jost wins face-off versus Nico Sturm in TAMPA BAY Lightning zone.
3:56 of 3rd period - Christian Fischer is hit by Denis Gurianov and loses puck.
3:58 of 3rd period - Minor Penalty to Denis Gurianov for Hooking.
3:58 of 3rd period - Minor Penalty to Robert Hagg for High sticking.
3:59 of 3rd period - Eeli Tolvanen wins face-off versus Owen Tippett in TAMPA BAY Lightning zone.
3:59 of 3rd period - Mikael Backlund is hit by Alex Wennberg and loses puck.
4:18 of 3rd period - Shot by Alex Wennberg.
4:18 of 3rd period - Deflect By Owen Tippett.
4:18 of 3rd period - Stopped by Karel Vejmelka with a rebound.
5:08 of 3rd period - Icing by Timothy Liljegren.
5:09 of 3rd period - Anders Lee wins face-off versus Drake Batherson in TAMPA BAY Lightning zone.
5:41 of 3rd period - Shot by Mason Marchment.
5:41 of 3rd period - Shot Blocked by Alexander Romanov.
6:19 of 3rd period - Shot by Christian Fischer.
6:19 of 3rd period - Deflect By Nick Ritchie.
6:19 of 3rd period - Stopped by Adin Hill without a rebound.
6:20 of 3rd period - Michael McCarron wins face-off versus Leo Komarov in EDMONTON Oilers zone.
7:04 of 3rd period - Minor Penalty to Milan Lucic for Delaying the game.
7:05 of 3rd period - Owen Tippett wins face-off versus Mikael Backlund in EDMONTON Oilers zone.
8:00 of 3rd period - Double Minor Penalty to Kyle Palmieri for Roughing.
8:01 of 3rd period - Owen Tippett wins face-off versus Tyson Jost in EDMONTON Oilers zone.
8:14 of 3rd period - Shot by Timothy Liljegren.
8:14 of 3rd period - Shot Blocked by Alexander Romanov.
8:16 of 3rd period - Shot by Mason Marchment.
8:16 of 3rd period - Stopped by Adin Hill without a rebound.
8:17 of 3rd period - Tyson Jost wins face-off versus Owen Tippett in EDMONTON Oilers zone.
9:29 of 3rd period - Shot by Mikael Backlund.
9:29 of 3rd period - Goal by Mikael Backlund - TAMPA BAY Lightning : 6 - EDMONTON Oilers : 1.
9:30 of 3rd period - T.J. Oshie wins face-off versus Tyson Jost in neutral zone.
10:42 of 3rd period - Shot by Timothy Liljegren.
10:42 of 3rd period - Shot Blocked by Moritz Seider.
11:43 of 3rd period - Shot by Nicolas Deslauriers.
11:43 of 3rd period - Shot Misses the Net.
11:57 of 3rd period - Shot by Milan Lucic.
11:57 of 3rd period - Shot Blocked by Nicolas Deslauriers.
12:21 of 3rd period - Shot by Nick Ritchie.
12:21 of 3rd period - Stopped by Adin Hill without a rebound.
12:22 of 3rd period - Alex Wennberg wins face-off versus Mikael Backlund in EDMONTON Oilers zone.
12:24 of 3rd period - Icing by T.J. Oshie.
12:25 of 3rd period - Alex Wennberg wins face-off versus Mikael Backlund in EDMONTON Oilers zone.
13:29 of 3rd period - Kyle Palmieri is hit by Erik Gudbranson and loses puck.
13:37 of 3rd period - Shot by Erik Gudbranson.
13:37 of 3rd period - Stopped by Adin Hill with a rebound.
14:03 of 3rd period - Icing by Moritz Seider.
14:04 of 3rd period - Scott Laughton wins face-off versus Dylan Cozens in EDMONTON Oilers zone.
14:04 of 3rd period - Mason Marchment is hit by Alexander Romanov and loses puck.
14:11 of 3rd period - Shot by Scott Laughton.
14:11 of 3rd period - Shot Blocked by Alexander Romanov.
14:35 of 3rd period - Shot by Scott Laughton.
14:35 of 3rd period - Shot Misses the Net.
14:37 of 3rd period - Shot by Robert Hagg.
14:37 of 3rd period - Stopped by Adin Hill without a rebound.
14:38 of 3rd period - Mikael Backlund wins face-off versus Kent Johnson in EDMONTON Oilers zone.
14:45 of 3rd period - Shot by Mikael Backlund.
14:45 of 3rd period - Stopped by Adin Hill without a rebound.
14:46 of 3rd period - Eeli Tolvanen wins face-off versus Nico Sturm in EDMONTON Oilers zone.
14:51 of 3rd period - Shot by Mikael Backlund.
14:51 of 3rd period - Shot Misses the Net.
15:00 of 3rd period - Eeli Tolvanen is hit by Nikita Zaitsev and loses puck.
15:10 of 3rd period - Anders Lee is hit by Nikita Zaitsev and loses puck.
15:24 of 3rd period - Icing by Erik Gudbranson.
15:25 of 3rd period - Mikael Backlund wins face-off versus Dylan Cozens in TAMPA BAY Lightning zone.
15:43 of 3rd period - Dylan Cozens is hit by Erik Gudbranson and loses puck.
15:54 of 3rd period - Drake Batherson is hit by Eeli Tolvanen and loses puck.
16:09 of 3rd period - Shot by Drake Batherson.
16:09 of 3rd period - Stopped by Karel Vejmelka without a rebound.
16:10 of 3rd period - Alex Wennberg wins face-off versus Scott Laughton in TAMPA BAY Lightning zone.
16:17 of 3rd period - Shot by T.J. Oshie.
16:17 of 3rd period - Stopped by Karel Vejmelka without a rebound.
16:18 of 3rd period - Alex Wennberg wins face-off versus Scott Laughton in TAMPA BAY Lightning zone.
16:23 of 3rd period - Shot by Kyle Palmieri.
16:23 of 3rd period - Deflect By Alex Wennberg.
16:23 of 3rd period - Stopped by Karel Vejmelka without a rebound.
16:24 of 3rd period - Alex Wennberg wins face-off versus Scott Laughton in TAMPA BAY Lightning zone.
16:27 of 3rd period - Shot by Alex Wennberg.
16:27 of 3rd period - Shot Blocked by Dylan DeMelo.
16:29 of 3rd period - Shot by Tucker Poolman.
16:29 of 3rd period - Goal by Tucker Poolman - TAMPA BAY Lightning : 6 - EDMONTON Oilers : 2.
16:30 of 3rd period - Scott Laughton wins face-off versus Dylan Cozens in neutral zone.
16:30 of 3rd period - Brock McGinn is hit by Drake Batherson and loses puck.
17:52 of 3rd period - Icing by Tucker Poolman.
17:53 of 3rd period - Mikael Backlund wins face-off versus Alex Wennberg in EDMONTON Oilers zone.
18:03 of 3rd period - Shot by Kyle Palmieri.
18:03 of 3rd period - Shot Misses the Net.
18:05 of 3rd period - Shot by Nikita Zaitsev.
18:05 of 3rd period - Shot Misses the Net.
18:07 of 3rd period - Shot by Nikita Zaitsev.
18:07 of 3rd period - Stopped by Karel Vejmelka without a rebound.
18:08 of 3rd period - Nico Sturm wins face-off versus Michael McCarron in TAMPA BAY Lightning zone.
18:15 of 3rd period - Shot by Kent Johnson.
18:15 of 3rd period - Shot Misses the Net.
18:34 of 3rd period - Icing by Dylan DeMelo.
18:35 of 3rd period - Alex Wennberg wins face-off versus Michael McCarron in TAMPA BAY Lightning zone.
19:16 of 3rd period - Shot by Alex Wennberg.
19:16 of 3rd period - Shot Misses the Net.
19:26 of 3rd period - Icing by Mikael Backlund.
19:27 of 3rd period - Mikael Backlund wins face-off versus Dylan Cozens in TAMPA BAY Lightning zone.
19:27 of 3rd period - Mikael Backlund is hit by Drake Batherson.
19:34 of 3rd period - Anders Lee is hit by Drake Batherson and loses puck.
Goals for this period are 1 for TAMPA BAY Lightning vs 1 for EDMONTON Oilers.
Shots for this period are 8 for TAMPA BAY Lightning vs 10 for EDMONTON Oilers. Output by the SimonT Hockey Simulator (STHS) for Martin Benoit - Original Page W3C HTML5 Valid
Hockey Simulator - Hockey Simulation - Hockey Manager